 Dungeon Crawl Stone Soup version 0.28.0 (webtiles) character file.

Game seed: 7490310262211486324

116 horus123 the Conjurer (level 5, -3/31 HPs)
             Began as an Octopode Hedge Wizard on Feb 6, 2022.
             Slain by a goblin (5 damage)
             ... led by Robin
             ... on level 3 of the Dungeon.
             The game lasted 00:03:07 (2640 turns).

horus123 the Conjurer (Octopode Hedge Wizard)       Turns: 2640, Time: 00:03:09

Health: -3/31      AC:  2    Str: 10    XL:     5   Next: 0%
Magic:  0/9        EV: 13    Int: 18    God:
Gold:   92         SH:  5    Dex: 11    Spells: 7/10 levels left

rFire   . . .      SeeInvis .   f - +0 long sword
rCold   . . .      Faith    .   (no shield)
rNeg    . . .      Spirit   .   b - +1 hat
rPois   .          Reflect  +   g - amulet of reflection
rElec   .          Harm     .   (no ring)
rCorr   .          Rampage  .   (no ring)
Will    .....                   (no ring)
Stlth   +++.......              (no ring)
HPRegen 0.10/turn               (no ring)
MPRegen 0.11/turn               (no ring)
                                (no ring)
                                (no ring)

@: lethally poisoned (-3 -> -17)
A: almost no armour, amphibious, 8 rings, camouflage 1, gelatinous body 1,
(nimble swimmer 1), tentacles
a: no special abilities


You were on level 3 of the Dungeon.
You visited 1 branch of the dungeon, and saw 3 of its levels.

You collected 92 gold pieces.

Inventory:

Hand Weapons
 a - a +0 dagger
 f - a +0 long sword (weapon)
Armour
 b - a +1 hat (worn)
Jewellery
 g - an amulet of reflection (around mantle)
Scrolls
 d - 4 scrolls of identify {unknown}
 i - a scroll of teleportation {unknown}
Potions
 c - a potion of resistance {unknown}
 e - a potion of berserk rage {unknown}
 h - a potion of flight {unknown}


   Skills:
 - Level 2.0 Dodging
 - Level 2.6 Stealth
 - Level 3.0 Spellcasting
 + Level 4.6 Conjurations
 - Level 1.0 Summonings
 - Level 1.0 Translocations


You had 7 spell levels left.
You knew the following spells:

 Your Spells              Type           Power      Damage    Failure   Level
a - Magic Dart            Conj           76%        1d6       2%          1
b - Call Imp              Summ           6%         N/A       16%         2

Your spell library contained the following spells:

 Spells                   Type           Power      Damage    Failure   Level
 Slow                     Hex            8%         N/A       16%         1
 Blink                    Tloc           12%        N/A       16%         2
 Conjure Flame            Conj/Fire      11%        6-21      19%         3
 Mephitic Cloud           Conj/Pois/Air  8%         N/A       26%         3
 Ignite Poison            Fire/Tmut/Pois 2%         N/A       43%         3
 Freezing Cloud           Conj/Ice/Air   4%         6-21      94%         5


Dungeon Overview and Level Annotations

Branches:
Dungeon (3/15)

Altars:
Dithmenos

Annotations:
D:3 Robin


Innate Abilities, Weirdness & Mutations

You cannot wear most types of armour.
You are amphibious.
You can wear up to eight rings at the same time.
Your skin changes colour to match your surroundings (Stealth+).
Your rubbery body absorbs attacks. (AC +1, EV +1)
((You are camouflaged when in or above water. (Stealth+)))
You have tentacles for arms and can constrict up to eight enemies at once.


Message History

Robin is moderately wounded.
A goblin comes into view. It is wielding a +0 club.
The magic dart hits Robin.
Robin is heavily wounded.
The goblin shouts!
You hear a shout!
A goblin comes into view. It is wielding a +1 antimagic dagger.
Robin laughs in a distinctly smug fashion.
Robin roars a battlecry!
The goblins go into a battle-frenzy!
The magic dart hits Robin.
Robin is heavily wounded.
Robin throws the goblin at you!
Number of times to repeat, then command key: You must enter the number of times for the command to repeat.
A hobgoblin comes into view.
Robin hits you from afar with a +1 spear of venom.
You are poisoned.
You feel very sick.
Robin says, "My army is invincible!"
Robin throws the goblin at you!
The hobgoblin shouts!
You hit Robin. Your grab misses Robin.
Robin is severely wounded.
You feel very sick.
The goblin hits you with a +1 antimagic dagger.
You feel your power leaking away. The goblin completely misses you.
Robin closely misses you.
You closely miss Robin. You grab Robin.
Robin is severely wounded.
You constrict Robin, but do no damage.
You feel sick.
The goblin hits you with a +1 antimagic dagger.
* * * LOW HITPOINT WARNING * * *
The goblin misses you.
Robin hits you with a +1 spear of venom.
* * * LOW HITPOINT WARNING * * *
You are lethally poisoned!
The goblin hits you with a +0 club.
* * * LOW HITPOINT WARNING * * *
The goblin hits you with a +1 antimagic dagger.
You die...

##################
.........g@gg)....
...####....g########
P.........#.#
..####.#.#.#
#<.....# #....###
######


You could see Robin, a hobgoblin (strong) and 2 goblins.

Vanquished Creatures
  A hound (D:2)
  Jessica (D:2)
  A gnoll (D:1)
  A worm (D:2)
  3 dart slugs
  4 ball pythons
  2 giant cockroaches (D:1)
  10 goblins
  4 hobgoblins
  6 jackals (D:1)
  2 quokkas (D:1)
  2 bats (D:1)
  2 rats
39 creatures vanquished.

Notes
Turn   | Place    | Note
-------+----------+-------------------------------------------
     0 | D:1      | horus123 the Octopode Hedge Wizard began the quest for the
                  | Orb.
     0 | D:1      | Reached XP level 1. HP: 11/11 MP: 4/4
   201 | D:1      | Reached skill level 2 in Conjurations
   201 | D:1      | Reached XP level 2. HP: 17/17 MP: 0/6
   424 | D:1      | Learned a level 2 spell: Call Imp
   492 | D:1      | Reached skill level 3 in Conjurations
   492 | D:1      | Reached XP level 3. HP: 10/21 MP: 1/7
   869 | D:1      | Found a faded altar of an unknown god.
  1517 | D:2      | Reached XP level 4. HP: 27/27 MP: 2/8
  1674 | D:2      | Reached skill level 4 in Conjurations
  1828 | D:2      | Noticed Jessica
  1832 | D:2      | Killed Jessica
  2352 | D:2      | Found a shadowy altar of Dithmenos.
  2631 | D:3      | Reached XP level 5. HP: 31/31 MP: 6/9
  2631 | D:3      | Noticed Robin
  2640 | D:3      | Slain by a goblin

Illustrated notes

Levels and vault maps discovered:
D:1:      lightli_molten_gateway, layout_loops_ring,
          shapermc_ecumenical_altar_mp_highgroup, serial_bayou_lagoon_a
D:2:      layout_basic, basic_altar, kennysheep_generic_room_3, uniq_jessica
D:3:      layout_basic, mainiacjoe_overflow_tiny_flanked, serial_undead,
          serial_undead_b, serial_undead_f, serial_undead_f, serial_undead_e,
          uniq_robin

Skill      XL: |  1  2  3  4 |
---------------+-------------+-----
Conjurations   | 2 3 4 |  4.6
Dodging        | |  2.0
Stealth        | |  2.6
Spellcasting   | |  3.0
Summonings     | |  1.0
Translocations | |  1.0

Action                   |  1- 3 |  4- 6 || total
-------------------------+-------+-------++-------
Melee: Dagger            |    21 |       ||    21
       Tentacles         |     8 |       ||     8
       Constrict         |     8 |     1 ||     9
       Long sword        |     6 |     2 ||     8
 Cast: Magic Dart        |    45 |    36 ||    81
  Use: Scroll            |     1 |       ||     1
 Stab: Sleeping          |     1 |       ||     1
Armor: Skin              |     5 |       ||     5
Dodge: Dodged            |    27 |     3 ||    30
